AoeStats
← Matayo

Black Forest

509933998Analyzed
4v4 RM · 4d ago on Sep 28, 2026· 58m 56s· 8 players
Game mode
Random Map
Map size
Large (8 player)
Population
200
Speed
Normal
Resources
Standard
Victory
Conquest
Starting age
Dark Age
Ending age
Imperial Age
RankedLock teamsTeams togetherTeam positionsShared explorationLock speedFull tech treeHidden civsTurbo modeCheats
Victory
Defeat
🇪🇸 Saxons · Spain
1544
+17
🇳🇴 Italians · Norway
1526
+17
🇧🇪 Persians · Belgium
1441
+21
🇩🇪 Varangians · Germany
1408
+22
🇭🇰 Bohemians · Hong Kong SAR China
1770
-27
🇨🇿 Tupi · Czechia
1560
-20
🇨🇳 Celts · China
1485
-17
🇨🇿 Burgundians · Czechia
1393
-13
忧郁帅哥
2:12 Loom
10:25 Feudal Age
10:59 Double-Bit Axe
16:23 Town Watch
19:39 Castle Age
18:16 Stone Mining
18:47 Horse Collar
25:26 Gold Mining
29:42 Imperial Age
28:30 Bow Saw
28:20 Heavy Plow
29:16 Wheelbarrow
28:45 Fletching
30:53 Conscription
30:14 Onager
31:11 Scale Mail Armor
31:42 Conscription
31:34 Forging
32:19 Hand Cart
32:28 Furor Celtica
32:24 Bodkin Arrow
34:35 Siege Engineers
34:53 Ballistics
35:33 Chemistry
35:01 Chain Mail Armor
34:56 Forging
34:08 Pikeman
35:29 Masonry
35:56 Hoardings
36:34 Plate Mail Armor
36:59 Ballistics
37:40 Chemistry
37:18 Iron Casting
39:07 Onager
39:46 Man-at-Arms
40:12 Gambesons
41:29 Blast Furnace
41:39 Heavy Scorpion
44:01 Blast Furnace
43:52 Murder Holes
45:18 Arrowslits
46:36 Blast Furnace
45:47 Arson
46:17 Guilds
45:35 Halberdier
47:17 Caravan
47:42 Stronghold
48:38 Capped Ram
49:50 Elite Woad Raider
54:09 Sappers
54:42 Siege Ram
Matayo
11:42 Feudal Age
10:41 Double-Bit Axe
14:58 Bow Saw
19:04 Castle Age
17:07 Horse Collar
18:29 Fletching
19:59 Heavy Plow
22:36 Bodkin Arrow
22:05 Cavalier
30:28 Husbandry
33:15 Two-Man Saw
33:58 Wheelbarrow
33:08 Loom
33:28 Town Watch
34:31 Scale Barding Armor
34:37 Forging
36:11 Crop Rotation
36:53 Hand Cart
37:03 Pikeman
53:27 Caravan
54:11 Light Cavalry
Datel
10:29 Feudal Age
11:15 Double-Bit Axe
11:39 Horse Collar
14:00 Castle Age
15:01 Bow Saw
21:18 Wheelbarrow
21:02 Loom
23:07 Stone Mining
28:16 Imperial Age
26:03 Hand Cart
25:48 Gold Mining
26:14 Fletching
26:46 Heavy Plow
27:32 Bodkin Arrow
27:58 Ballistics
28:19 Gold Shaft Mining
28:23 Padded Archer Armor
28:20 Elite Blackwood Archer
29:21 Conscription
29:02 Bracer
31:02 Chemistry
30:18 Leather Archer Armor
30:11 Squires
29:58 Arson
29:44 Pikeman
30:46 Curare
31:10 Scale Mail Armor
31:43 Ring Archer Armor
31:07 Halberdier
31:48 Scale Mail Armor
32:00 Forging
32:27 Caciques
34:25 Two-Man Saw
33:59 Chain Mail Armor
34:19 Coinage
34:51 Hoardings
34:22 Murder Holes
34:12 Arrowslits
34:18 Guard Tower
34:08 Treadmill Crane
36:02 Plate Mail Armor
38:21 Iron Casting
40:47 Devotion
41:09 Sanctity
41:00 Redemption
42:53 Keep
42:50 Banking
51:48 Illumination
52:51 Theocracy
54:19 Caravan
Hui
3:27 Loom
12:29 Feudal Age
13:00 Man-at-Arms
13:31 Double-Bit Axe
13:27 Horse Collar
13:36 Town Watch
14:15 Scale Mail Armor
16:23 Fletching
25:09 Castle Age
23:27 Padded Archer Armor
24:18 Forging
24:58 Arson
26:20 Bow Saw
27:25 Wheelbarrow
28:17 Heavy Plow
33:55 Imperial Age
32:04 Hand Cart
32:50 Chemistry
34:03 Fortified Wall
35:47 Two-Man Saw
35:40 Siege Engineers
35:37 Caravan
35:58 Houfnice
38:32 Conscription
38:56 Coinage
38:36 Guilds
38:56 Guard Tower
39:27 Ballistics
38:52 Arrowslits
39:19 Masonry
40:16 Bodkin Arrow
40:37 Leather Archer Armor
40:58 Keep
40:44 Bombard Tower
41:39 Town Patrol
42:15 Murder Holes
42:51 Architecture
42:50 Chain Mail Armor
43:10 Iron Casting
43:03 Squires
42:24 Pikeman
44:33 Plate Mail Armor
44:34 Ring Archer Armor
44:14 Halberdier
48:12 Blast Furnace
48:03 Sanctity
50:12 Bracer
49:33 Elite Skirmisher
54:06 Wagenburg Tactics
54:07 Hussite Reforms
Wolf Knight
5:59 Loom
9:44 Feudal Age
10:13 Man-at-Arms
11:30 Arson
12:27 Double-Bit Axe
13:58 Horse Collar
20:29 Castle Age
23:57 Bow Saw
23:49 Heavy Plow
24:15 Scale Mail Armor
31:49 Masonry
31:54 Fortified Wall
32:37 Wheelbarrow
31:58 Gold Mining
37:22 Imperial Age
35:10 Gambesons
35:25 Squires
35:29 Long Swordsman
36:05 Treadmill Crane
38:06 Chain Mail Armor
38:01 Forging
37:28 Two-Handed Swordsman
38:59 Conscription
39:43 Champion
40:47 Shield Wall
43:02 Plate Mail Armor
43:07 Iron Casting
45:43 Siege Engineers
46:10 Architecture
46:43 Fletching
47:09 Pikeman
47:19 Elite Skirmisher
48:38 Elite Varangian Guard
49:24 Elite Varangian Guard
51:39 Bodkin Arrow
51:44 Padded Archer Armor
52:19 Caravan
54:32 Guilds
56:42 Gold Shaft Mining
57:52 Bracer
58:08 Leather Archer Armor
PaInCaKe97
1:15 Loom
10:12 Feudal Age
15:59 Castle Age
14:03 Double-Bit Axe
15:16 Horse Collar
19:13 Bow Saw
23:58 Scale Barding Armor
24:13 Forging
29:33 Iron Casting
29:27 Scale Barding Armor
32:55 Imperial Age
31:27 Fletching
31:42 Heavy Plow
32:05 Ballistics
32:06 Padded Archer Armor
32:57 Bodkin Arrow
33:29 Squires
33:45 Leather Archer Armor
34:14 Wheelbarrow
33:28 Elite Skirmisher
34:20 Bracer
36:55 Chemistry
37:34 Ring Archer Armor
42:25 Caravan
44:04 Hand Cart
43:35 Town Watch
43:15 Elite Varangian Guard
44:36 Iron Casting
44:02 Scale Mail Armor
45:40 Conscription
47:23 Blast Furnace
46:23 Scale Mail Armor
46:13 Arson
46:14 Gambesons
45:55 Capped Ram
47:12 Town Patrol
47:05 Siege Ram
49:26 Heavy Scorpion
50:15 Siege Engineers
50:20 Masonry
49:51 Treadmill Crane
51:24 Two-Man Saw
53:38 Gothikon
57:04 Chain Mail Armor
58:27 Plate Mail Armor
Hympériius
11:12 Feudal Age
11:56 Double-Bit Axe
14:50 Castle Age
12:52 Horse Collar
15:39 Bow Saw
16:02 Loom
16:18 Town Watch
26:01 Heavy Plow
26:47 Stone Mining
27:51 Wheelbarrow
31:15 Imperial Age
29:18 Fervor
29:28 Gold Mining
30:16 Hand Cart
30:07 Scale Barding Armor
30:13 Forging
31:09 Chain Barding Armor
31:30 Iron Casting
32:03 Gold Shaft Mining
30:53 Elite War Elephant
31:54 Conscription
31:40 Husbandry
31:51 Bloodlines
33:21 Plate Barding Armor
34:09 Blast Furnace
33:57 Crop Rotation
34:34 Two-Man Saw
34:11 Coinage
37:10 Fletching
38:24 Bodkin Arrow
38:56 Ballistics
38:32 Murder Holes
41:47 Masonry
42:05 Devotion
43:22 Banking
44:42 Stone Shaft Mining
48:18 Caravan
58:07 Hoardings
57:58 Light Cavalry
Nordigard
4:17 Loom
12:30 Feudal Age
16:28 Castle Age
14:24 Double-Bit Axe
14:26 Horse Collar
24:27 Wheelbarrow
24:07 Bow Saw
26:34 Hand Cart
30:41 Imperial Age
28:57 Heavy Plow
31:17 Gold Mining
32:35 Two-Man Saw
33:31 Chemistry
32:46 Fletching
34:42 Pirotechnia
34:56 Silk Road
34:50 Caravan
36:16 Ballistics
36:07 Masonry
35:54 Bodkin Arrow
36:00 Padded Archer Armor
36:33 Conscription
37:43 Bombard Tower
39:44 Scale Barding Armor
39:56 Leather Archer Armor
41:26 Chain Barding Armor
41:08 Husbandry
41:19 Bloodlines
40:46 Cavalier
40:47 Light Cavalry
42:18 Forging
42:39 Ring Archer Armor
42:10 Bracer
41:47 Elite Skirmisher
43:58 Plate Barding Armor
44:00 Iron Casting
44:58 Architecture
44:40 Fortified Wall
44:10 Treadmill Crane
44:16 Arrowslits
44:28 Murder Holes
44:26 Stone Mining
47:08 Hussar
50:06 Blast Furnace
50:41 Scale Mail Armor
Connection lost

Rejoining the realm…

Still unreachable

The connection could not be restored.

Session expired

The server has moved on; the page needs a fresh start.